Ducks vs Kings

Created - December 14 2010 at 19:02

Goals
1 2 3 T
Ducks 1 2 1 4
Kings 0 1 1 2
Shots
1 2 3 T
Ducks 12 9 10 31
Kings 6 8 16 30

Period #1

1. Ducks , Logan Couture 1 (Taylor Pyatt, Tom Poti) at 19:14

Penalties :
Nick Schultz (ANA) for Roughing (Minor) at 3:25, Sean Bergenheim (LOS) for Tripping (Minor) at 9:42, Martin Skoula (LOS) for Slashing (Minor) at 15:56

Period #2

2. Ducks , Richard Park 6 (Andy McDonald, Nick Schultz) at 3:39
3. Ducks , Richard Park 7 (Jonathan Toews, Tom Poti) at 8:16 (SH)
4. Kings , Kent Huskins 6 (Daniel Winnik, Craig Conroy) at 15:34 (PP)

Penalties :
Marc-Edouard Vlasic (ANA) for High sticking (Minor) at 0:03, Bobby Ryan (ANA) for Roughing (Minor) at 3:41, David Clarkson (ANA) for Holding (Minor) at 7:16, Dustin Byfuglien (ANA) for Slashing (Minor) at 10:36, Jakub Voracek (ANA) for Hooking (Minor) at 14:15, Mike Lundin (LOS) for Cross-checking (Minor) at 16:19

Period #3

5. Kings , Jamie McBain 5 (Martin Skoula, Michael Frolik) at 0:36
6. Ducks , Dustin Byfuglien 5 (Nick Schultz, David Perron) at 17:52 (PP)

Penalties :
David Perron (ANA) for Hooking (Minor) at 2:51, Michael Del Zotto (LOS) for Holding (Minor) at 4:54, Bryan Allen (LOS) for Hooking (Minor) at 8:27, Darroll Powe (LOS) for Roughing (Minor) at 12:29, Michael Del Zotto (LOS) for Hooking (Minor) at 14:46, Daniel Winnik (LOS) for Tripping (Minor) at 17:42, David Perron (ANA) for Holding (Minor) at 18:51

Goalie Stats

Jose Theodore (ANA), 28 saves from 30 shots - (0.933), W, 15-4-1, 60:00 minutes
Nikolai Khabibulin (LOS), 27 saves from 31 shots - (0.871), L, 8-11-0, 60:00 minutes

Players Stats

Ducks
Player Name              G  A  P  +/- PIM S  H  SB FO    MP 
------------------------------------------------------------
Andy McDonald            0  1  1   1  0   2  0  1  13/22 17 
Bobby Ryan               0  0  0  -1  2   2  0  0  1/3   17 
Bryan Little             0  0  0   1  0   2  0  0  0/1   5  
David Clarkson           0  0  0   1  2   3  5  0  1/1   16 
David Perron             0  1  1   0  4   1  0  0  1/3   15 
Dominic Moore            0  0  0   0  0   0  0  0  7/13  17 
Dustin Byfuglien         1  0  1  -1  2   3  4  0  0/0   17 
Henrik Tallinder         0  0  0   1  0   2  0  3  0/0   20 
Jakub Voracek            0  0  0   0  2   1  0  0  0/0   10 
Jonathan Toews           0  1  1   0  0   8  0  0  18/29 21 
Kurtis Foster            0  0  0   0  0   0  1  0  0/0   16 
Logan Couture            1  0  1   1  0   1  0  1  7/18  13 
Marc-Edouard Vlasic      0  0  0   1  2   0  0  0  0/0   22 
Nick Schultz             0  2  2   1  2   3  2  4  0/0   21 
Richard Park             2  0  2   2  0   2  0  0  1/1   16 
Rob Scuderi              0  0  0   0  0   1  0  1  0/0   17 
Taylor Pyatt             0  1  1   1  0   0  0  0  0/0   5  
Tom Poti                 0  2  2   1  0   0  1  2  0/0   21 
Kings
Player Name              G  A  P  +/- PIM S  H  SB FO    MP 
------------------------------------------------------------
Aaron Gagnon             0  0  0   0  0   0  0  0  8/13  12 
Bryan Allen              0  0  0  -1  2   1  4  1  0/0   20 
Cory Sarich              0  0  0  -2  0   0  0  0  0/0   7  
Craig Adams              0  0  0   0  0   1  1  1  4/10  19 
Craig Conroy             0  1  1  -1  0   4  0  0  11/23 17 
Daniel Winnik            0  1  1  -1  2   4  3  1  3/5   21 
Darroll Powe             0  0  0   1  2   1  0  0  9/20  11 
Ethan Moreau             0  0  0  -1  0   0  0  0  1/3   18 
Evgeny Artyukhin         0  0  0   0  0   1  0  0  0/0   12 
Jamie McBain             1  0  1   1  0   3  0  3  0/0   19 
Jay Pandolfo             0  0  0  -2  0   0  0  0  0/0   10 
Kent Huskins             1  0  1  -1  0   1  0  2  0/0   21 
Martin Skoula            0  1  1  -1  2   4  4  0  0/0   22 
Michael Del Zotto        0  0  0   0  4   0  10 0  0/0   16 
Michael Frolik           0  1  1   1  0   6  0  1  0/1   18 
Mike Lundin              0  0  0   0  2   2  0  1  0/0   14 
Sean Bergenheim          0  0  0  -1  2   1  3  0  3/10  22 
Sergei Samsonov          0  0  0  -2  0   1  0  0  3/6   7  

3 Stars

1 - Richard Park (ANA)
2 - Tom Poti (ANA)
3 - Jamie McBain (LOS)

Power Play

Ducks - 1 on 8 Attempt(s) - 12.50%
Kings - 1 on 8 Attempt(s) - 12.50%

Penalty Kill

Ducks - 7 on 8 Attempt(s) - 87.50% - Score 1 goal in Penalty Kill
Kings - 7 on 8 Attempt(s) - 87.50% - Score 0 goal in Penalty Kill

Game Notes

No Game Note

Finance

Level 1 -- Attendance: 6500 (100.00%) -- Ticket Income $520,000.00
Level 2 -- Attendance: 5000 (100.00%) -- Ticket Income $250,000.00
Level 3 -- Attendance: 2858 (81.66%) -- Ticket Income $100,030.00
Level 4 -- Attendance: 2118 (100.00%) -- Ticket Income $42,360.00
Luxury Box -- Attendance: 722 (72.20%) -- Ticket Income $144,400.00
Game was played at the Staples Center
Total Attendance: 17198 (94.92%)
Total Ticket Income: $1,152,803.00
Other Income: $157,957.20
Total Income: $1,310,760.00


Play by Play

Period #1

0:01 of 1st period - Jonathan Toews wins face-off versus Michael Frolik in neutral zone.
0:10 of 1st period - Shot by Jonathan Toews.
0:10 of 1st period - Stopped by Nikolai Khabibulin without a rebound.
0:11 of 1st period - Craig Conroy wins face-off versus Andy McDonald in Kings zone.
0:16 of 1st period - Richard Park is hit by Daniel Winnik and loses puck.
0:21 of 1st period - Shot by Bryan Allen.
0:21 of 1st period - Shot Misses the Net.
0:23 of 1st period - Shot by Bryan Allen.
0:23 of 1st period - Shot Blocked by Andy McDonald.
0:27 of 1st period - Shot by Craig Conroy.
0:27 of 1st period - Shot Misses the Net.
0:29 of 1st period - Shot by Craig Conroy.
0:29 of 1st period - Stopped by Jose Theodore without a rebound.
0:30 of 1st period - Jonathan Toews wins face-off versus Darroll Powe in Ducks zone.
0:39 of 1st period - Shot by Dustin Byfuglien.
0:39 of 1st period - Stopped by Nikolai Khabibulin without a rebound.
0:40 of 1st period - Dominic Moore wins face-off versus Aaron Gagnon in Kings zone.
0:40 of 1st period - Dominic Moore is hit by Michael Del Zotto.
0:45 of 1st period - Jakub Voracek is hit by Michael Del Zotto and loses puck.
0:53 of 1st period - Off-side.
0:54 of 1st period - Jonathan Toews wins face-off versus Darroll Powe in neutral zone.
1:03 of 1st period - Shot by Bobby Ryan.
1:03 of 1st period - Shot Misses the Net.
1:05 of 1st period - Shot by Bobby Ryan.
1:05 of 1st period - Shot Blocked by Jamie McBain.
1:07 of 1st period - Shot by Jonathan Toews.
1:07 of 1st period - Stopped by Nikolai Khabibulin without a rebound.
1:08 of 1st period - Andy McDonald wins face-off versus Craig Conroy in Kings zone.
1:13 of 1st period - Shot by David Clarkson.
1:13 of 1st period - Stopped by Nikolai Khabibulin without a rebound.
1:14 of 1st period - Dominic Moore wins face-off versus Aaron Gagnon in Kings zone.
1:16 of 1st period - David Perron is hit by Michael Del Zotto and loses puck.
1:20 of 1st period - Dominic Moore is hit by Michael Del Zotto and loses puck.
1:42 of 1st period - Kurtis Foster is hit by Michael Del Zotto.
2:21 of 1st period - Icing by Kurtis Foster.
2:22 of 1st period - Dominic Moore wins face-off versus Craig Conroy in Ducks zone.
2:57 of 1st period - Shot by Jonathan Toews.
2:57 of 1st period - Stopped by Nikolai Khabibulin without a rebound.
2:58 of 1st period - Andy McDonald wins face-off versus Sergei Samsonov in Kings zone.
3:09 of 1st period - Cory Sarich is hit by Nick Schultz and loses puck.
3:20 of 1st period - Shot by Sergei Samsonov.
3:20 of 1st period - Shot Blocked by Nick Schultz.
3:25 of 1st period - Minor Penalty to Nick Schultz for Roughing.
3:26 of 1st period - Jonathan Toews wins face-off versus Darroll Powe in Ducks zone.
4:55 of 1st period - Shot by Michael Frolik.
4:55 of 1st period - Stopped by Jose Theodore without a rebound.
4:56 of 1st period - Logan Couture wins face-off versus Darroll Powe in Ducks zone.
5:41 of 1st period - Shot by Michael Del Zotto.
5:41 of 1st period - Shot Misses the Net.
6:32 of 1st period - Icing by Bryan Allen.
6:33 of 1st period - Jonathan Toews wins face-off versus Craig Conroy in Kings zone.
6:37 of 1st period - Shot by Tom Poti.
6:37 of 1st period - Shot Misses the Net.
6:39 of 1st period - Shot by Marc-Edouard Vlasic.
6:39 of 1st period - Shot Blocked by Kent Huskins.
7:03 of 1st period - Shot by Jonathan Toews.
7:03 of 1st period - Stopped by Nikolai Khabibulin with a rebound.
7:05 of 1st period - Shot by Marc-Edouard Vlasic.
7:05 of 1st period - Shot Misses the Net.
8:03 of 1st period - Bobby Ryan is hit by Michael Del Zotto and loses puck.
8:42 of 1st period - Marc-Edouard Vlasic is hit by Michael Del Zotto and loses puck.
9:18 of 1st period - Shot by Michael Frolik.
9:18 of 1st period - Shot Blocked by Nick Schultz.
9:42 of 1st period - Minor Penalty to Sean Bergenheim for Tripping.
9:43 of 1st period - Daniel Winnik wins face-off versus David Perron in Kings zone.
10:04 of 1st period - Shot by Rob Scuderi.
10:04 of 1st period - Stopped by Nikolai Khabibulin without a rebound.
10:05 of 1st period - Logan Couture wins face-off versus Daniel Winnik in Kings zone.
10:05 of 1st period - Bryan Little is hit by Bryan Allen and loses puck.
10:21 of 1st period - Logan Couture is hit by Bryan Allen.
10:55 of 1st period - Shot by Henrik Tallinder.
10:55 of 1st period - Stopped by Nikolai Khabibulin without a rebound.
10:56 of 1st period - Craig Adams wins face-off versus Andy McDonald in Kings zone.
11:08 of 1st period - Shot by Henrik Tallinder.
11:08 of 1st period - Stopped by Nikolai Khabibulin with a rebound.
11:10 of 1st period - Shot by Henrik Tallinder.
11:10 of 1st period - Shot Misses the Net.
11:12 of 1st period - Shot by Nick Schultz.
11:12 of 1st period - Shot Misses the Net.
12:27 of 1st period - Sergei Samsonov is hit by Kurtis Foster and loses puck.
12:40 of 1st period - Shot by Sergei Samsonov.
12:40 of 1st period - Shot Misses the Net.
13:18 of 1st period - Shot by Andy McDonald.
13:18 of 1st period - Stopped by Nikolai Khabibulin without a rebound.
13:19 of 1st period - Jonathan Toews wins face-off versus Darroll Powe in Kings zone.
13:29 of 1st period - Icing by Tom Poti.
13:30 of 1st period - Aaron Gagnon wins face-off versus Jonathan Toews in Ducks zone.
13:30 of 1st period - Mike Lundin is hit by David Clarkson and loses puck.
14:24 of 1st period - Icing by Henrik Tallinder.
14:25 of 1st period - Daniel Winnik wins face-off versus Andy McDonald in Ducks zone.
14:32 of 1st period - Shot by Craig Conroy.
14:32 of 1st period - Stopped by Jose Theodore without a rebound.
14:33 of 1st period - Sean Bergenheim wins face-off versus Logan Couture in Ducks zone.
14:45 of 1st period - Icing by Marc-Edouard Vlasic.
14:46 of 1st period - Craig Conroy wins face-off versus Logan Couture in Ducks zone.
15:01 of 1st period - Shot by Taylor Pyatt.
15:01 of 1st period - Deflect By Logan Couture.
15:01 of 1st period - Shot Misses the Net.
15:55 of 1st period - Andy McDonald is hit by Martin Skoula.
15:56 of 1st period - Minor Penalty to Martin Skoula for Slashing.
15:57 of 1st period - Jonathan Toews wins face-off versus Sean Bergenheim in Kings zone.
16:18 of 1st period - Shot by Jonathan Toews.
16:18 of 1st period - Deflect By Bobby Ryan.
16:18 of 1st period - Stopped by Nikolai Khabibulin without a rebound.
16:19 of 1st period - Sean Bergenheim wins face-off versus Jonathan Toews in Kings zone.
16:30 of 1st period - Shot by Michael Frolik.
16:30 of 1st period - Stopped by Jose Theodore without a rebound.
16:31 of 1st period - Sean Bergenheim wins face-off versus Jonathan Toews in Ducks zone.
16:37 of 1st period - Icing by Bobby Ryan.
16:38 of 1st period - Craig Adams wins face-off versus Jonathan Toews in Ducks zone.
17:24 of 1st period - Jamie McBain is hit by David Clarkson and loses puck.
17:46 of 1st period - Icing by Jonathan Toews.
17:47 of 1st period - Jonathan Toews wins face-off versus Craig Adams in Ducks zone.
18:10 of 1st period - Icing by Henrik Tallinder.
18:11 of 1st period - Logan Couture wins face-off versus Aaron Gagnon in Ducks zone.
18:11 of 1st period - Logan Couture is hit by Craig Adams.
18:17 of 1st period - Shot by Michael Del Zotto.
18:17 of 1st period - Shot Blocked by Henrik Tallinder.
18:19 of 1st period - Shot by Craig Adams.
18:19 of 1st period - Deflect By Evgeny Artyukhin.
18:19 of 1st period - Stopped by Jose Theodore without a rebound.
18:20 of 1st period - Sergei Samsonov wins face-off versus Andy McDonald in Ducks zone.
18:43 of 1st period - Shot by Sergei Samsonov.
18:43 of 1st period - Stopped by Jose Theodore with a rebound.
19:03 of 1st period - Tom Poti is hit by Sean Bergenheim and loses puck.
19:10 of 1st period - Shot by Taylor Pyatt.
19:10 of 1st period - Shot Misses the Net.
19:14 of 1st period - Shot by Logan Couture.
19:14 of 1st period - Goal by Logan Couture - Ducks : 1 - Kings : 0.
19:15 of 1st period - Aaron Gagnon wins face-off versus Dominic Moore in neutral zone.

Period #2

0:01 of 2nd period - Darroll Powe wins face-off versus Jonathan Toews in neutral zone.
0:03 of 2nd period - Minor Penalty to Marc-Edouard Vlasic for High sticking.
0:04 of 2nd period - Craig Conroy wins face-off versus Logan Couture in Ducks zone.
0:29 of 2nd period - Shot by Kent Huskins.
0:29 of 2nd period - Shot Misses the Net.
0:33 of 2nd period - Shot by Daniel Winnik.
0:33 of 2nd period - Stopped by Jose Theodore with a rebound.
0:35 of 2nd period - Shot by Craig Conroy.
0:35 of 2nd period - Shot Misses the Net.
3:37 of 2nd period - Shot by Andy McDonald.
3:37 of 2nd period - Stopped by Nikolai Khabibulin with a rebound.
3:39 of 2nd period - Shot by Richard Park.
3:39 of 2nd period - Goal by Richard Park - Ducks : 2 - Kings : 0.
3:40 of 2nd period - Craig Conroy wins face-off versus Jonathan Toews in neutral zone.
3:40 of 2nd period - Daniel Winnik is hit by Dustin Byfuglien and loses puck.
3:41 of 2nd period - Minor Penalty to Bobby Ryan for Roughing.
3:42 of 2nd period - Logan Couture wins face-off versus Craig Conroy in Ducks zone.
4:25 of 2nd period - Craig Conroy is hit by Dustin Byfuglien and loses puck.
4:50 of 2nd period - Shot by Martin Skoula.
4:50 of 2nd period - Deflect By Michael Frolik.
4:50 of 2nd period - Shot Blocked by Tom Poti.
4:52 of 2nd period - Shot by Martin Skoula.
4:52 of 2nd period - Stopped by Jose Theodore without a rebound.
4:53 of 2nd period - Darroll Powe wins face-off versus Logan Couture in Ducks zone.
5:24 of 2nd period - Shot by Jamie McBain.
5:24 of 2nd period - Shot Blocked by Rob Scuderi.
7:08 of 2nd period - Bryan Allen is hit by David Clarkson and loses puck.
7:16 of 2nd period - Minor Penalty to David Clarkson for Holding.
7:17 of 2nd period - Darroll Powe wins face-off versus Logan Couture in Ducks zone.
7:23 of 2nd period - Shot by Jamie McBain.
7:23 of 2nd period - Shot Misses the Net.
7:25 of 2nd period - Shot by Martin Skoula.
7:25 of 2nd period - Shot Misses the Net.
7:27 of 2nd period - Shot by Martin Skoula.
7:27 of 2nd period - Stopped by Jose Theodore without a rebound.
7:28 of 2nd period - Darroll Powe wins face-off versus Logan Couture in Ducks zone.
8:12 of 2nd period - Icing by Ethan Moreau.
8:13 of 2nd period - Jonathan Toews wins face-off versus Craig Conroy in Kings zone.
8:16 of 2nd period - Shot by Jonathan Toews.
8:16 of 2nd period - Deflect By Richard Park.
8:16 of 2nd period - Goal by Richard Park - Ducks : 3 - Kings : 0.
8:17 of 2nd period - Craig Conroy wins face-off versus Logan Couture in neutral zone.
9:18 of 2nd period - Shot by Michael Frolik.
9:18 of 2nd period - Stopped by Jose Theodore without a rebound.
9:19 of 2nd period - Aaron Gagnon wins face-off versus Jonathan Toews in Ducks zone.
9:33 of 2nd period - Kurtis Foster is hit by Michael Del Zotto and loses puck.
9:36 of 2nd period - Shot by Jonathan Toews.
9:36 of 2nd period - Stopped by Nikolai Khabibulin without a rebound.
9:37 of 2nd period - Andy McDonald wins face-off versus Sergei Samsonov in Kings zone.
10:03 of 2nd period - Icing by Sean Bergenheim.
10:04 of 2nd period - Sergei Samsonov wins face-off versus Dominic Moore in Kings zone.
10:34 of 2nd period - Icing by Martin Skoula.
10:35 of 2nd period - Sergei Samsonov wins face-off versus Jonathan Toews in Kings zone.
10:35 of 2nd period - Sergei Samsonov is hit by Dustin Byfuglien.
10:36 of 2nd period - Minor Penalty to Dustin Byfuglien for Slashing.
10:37 of 2nd period - Jonathan Toews wins face-off versus Craig Conroy in Ducks zone.
10:58 of 2nd period - Shot by Craig Conroy.
10:58 of 2nd period - Stopped by Jose Theodore without a rebound.
10:59 of 2nd period - Logan Couture wins face-off versus Darroll Powe in Ducks zone.
11:43 of 2nd period - Icing by Craig Conroy.
11:44 of 2nd period - Craig Conroy wins face-off versus Bobby Ryan in Kings zone.
12:11 of 2nd period - Shot by Michael Del Zotto.
12:11 of 2nd period - Shot Blocked by Nick Schultz.
12:26 of 2nd period - Icing by Jamie McBain.
12:27 of 2nd period - Darroll Powe wins face-off versus Dominic Moore in Kings zone.
12:44 of 2nd period - Shot by Sean Bergenheim.
12:44 of 2nd period - Stopped by Jose Theodore without a rebound.
12:45 of 2nd period - Jonathan Toews wins face-off versus Aaron Gagnon in Ducks zone.
12:58 of 2nd period - Shot by Bobby Ryan.
12:58 of 2nd period - Shot Hit the Post.
13:44 of 2nd period - Shot by Sergei Samsonov.
13:44 of 2nd period - Shot Misses the Net.
13:46 of 2nd period - Shot by Martin Skoula.
13:46 of 2nd period - Shot Misses the Net.
13:48 of 2nd period - Shot by Martin Skoula.
13:48 of 2nd period - Stopped by Jose Theodore without a rebound.
13:49 of 2nd period - Dominic Moore wins face-off versus Craig Conroy in Ducks zone.
13:49 of 2nd period - Dominic Moore is hit by Daniel Winnik.
14:15 of 2nd period - Minor Penalty to Jakub Voracek for Hooking.
14:16 of 2nd period - Logan Couture wins face-off versus Darroll Powe in Ducks zone.
14:22 of 2nd period - Icing by Darroll Powe.
14:23 of 2nd period - Darroll Powe wins face-off versus Logan Couture in Kings zone.
14:38 of 2nd period - Shot by Martin Skoula.
14:38 of 2nd period - Shot Misses the Net.
15:34 of 2nd period - Shot by Kent Huskins.
15:34 of 2nd period - Goal by Kent Huskins - Ducks : 3 - Kings : 1.
15:35 of 2nd period - Aaron Gagnon wins face-off versus Dominic Moore in neutral zone.
16:03 of 2nd period - David Perron is hit by Michael Del Zotto and loses puck.
16:19 of 2nd period - Minor Penalty to Mike Lundin for Cross-checking.
16:20 of 2nd period - Andy McDonald wins face-off versus Sean Bergenheim in Kings zone.
16:30 of 2nd period - Andy McDonald is hit by Martin Skoula and loses puck.
16:33 of 2nd period - Shot by Tom Poti.
16:33 of 2nd period - Shot Misses the Net.
16:35 of 2nd period - Shot by David Perron.
16:35 of 2nd period - Deflect By David Clarkson.
16:35 of 2nd period - Stopped by Nikolai Khabibulin without a rebound.
16:36 of 2nd period - Jonathan Toews wins face-off versus Craig Adams in Kings zone.
17:36 of 2nd period - David Perron is hit by Martin Skoula and loses puck.
18:01 of 2nd period - Shot by Henrik Tallinder.
18:01 of 2nd period - Shot Blocked by Jamie McBain.
18:03 of 2nd period - Shot by Henrik Tallinder.
18:03 of 2nd period - Shot Blocked by Jamie McBain.
18:05 of 2nd period - Shot by Dustin Byfuglien.
18:05 of 2nd period - Stopped by Nikolai Khabibulin without a rebound.
18:06 of 2nd period - Andy McDonald wins face-off versus Ethan Moreau in Kings zone.
18:09 of 2nd period - Shot by Richard Park.
18:09 of 2nd period - Shot Blocked by Michael Frolik.
18:11 of 2nd period - Shot by David Clarkson.
18:11 of 2nd period - Shot Misses the Net.
18:13 of 2nd period - Shot by Nick Schultz.
18:13 of 2nd period - Stopped by Nikolai Khabibulin without a rebound.
18:14 of 2nd period - Craig Adams wins face-off versus Jonathan Toews in Kings zone.
18:24 of 2nd period - Shot by Tom Poti.
18:24 of 2nd period - Shot Hit the Post.
18:28 of 2nd period - Shot by Taylor Pyatt.
18:28 of 2nd period - Deflect By Bryan Little.
18:28 of 2nd period - Stopped by Nikolai Khabibulin without a rebound.
18:29 of 2nd period - Craig Conroy wins face-off versus David Perron in Kings zone.
19:17 of 2nd period - Off-side.
19:18 of 2nd period - Logan Couture wins face-off versus Sergei Samsonov in neutral zone.
19:35 of 2nd period - Shot by Bryan Little.
19:35 of 2nd period - Stopped by Nikolai Khabibulin without a rebound.
19:36 of 2nd period - Andy McDonald wins face-off versus Aaron Gagnon in Kings zone.
19:37 of 2nd period - Shot by David Clarkson.
19:37 of 2nd period - Shot Misses the Net.

Period #3

0:01 of 3rd period - Darroll Powe wins face-off versus Jonathan Toews in neutral zone.
0:06 of 3rd period - Shot by Michael Frolik.
0:06 of 3rd period - Stopped by Jose Theodore without a rebound.
0:07 of 3rd period - Craig Conroy wins face-off versus Andy McDonald in Ducks zone.
0:10 of 3rd period - Shot by Daniel Winnik.
0:10 of 3rd period - Stopped by Jose Theodore without a rebound.
0:11 of 3rd period - Jonathan Toews wins face-off versus Darroll Powe in Ducks zone.
0:16 of 3rd period - Jamie McBain is hit by Dustin Byfuglien and loses puck.
0:32 of 3rd period - Shot by Michael Frolik.
0:32 of 3rd period - Stopped by Jose Theodore with a rebound.
0:36 of 3rd period - Shot by Jamie McBain.
0:36 of 3rd period - Goal by Jamie McBain - Ducks : 3 - Kings : 2.
0:37 of 3rd period - David Clarkson wins face-off versus Craig Conroy in neutral zone.
0:40 of 3rd period - Daniel Winnik is hit by David Clarkson and loses puck.
0:47 of 3rd period - Andy McDonald is hit by Daniel Winnik.
0:48 of 3rd period - Icing by Andy McDonald.
0:49 of 3rd period - Aaron Gagnon wins face-off versus Andy McDonald in Ducks zone.
2:04 of 3rd period - Shot by Michael Frolik.
2:04 of 3rd period - Shot Misses the Net.
2:08 of 3rd period - Shot by Michael Frolik.
2:08 of 3rd period - Shot Blocked by Tom Poti.
2:11 of 3rd period - Sean Bergenheim is hit by Tom Poti and loses puck.
2:46 of 3rd period - Shot by Kent Huskins.
2:46 of 3rd period - Deflect By Daniel Winnik.
2:46 of 3rd period - Stopped by Jose Theodore without a rebound.
2:47 of 3rd period - Aaron Gagnon wins face-off versus Dominic Moore in Ducks zone.
2:51 of 3rd period - Minor Penalty to David Perron for Hooking.
2:52 of 3rd period - Craig Conroy wins face-off versus Logan Couture in Ducks zone.
4:18 of 3rd period - Shot by Craig Conroy.
4:18 of 3rd period - Stopped by Jose Theodore without a rebound.
4:19 of 3rd period - Jonathan Toews wins face-off versus Craig Adams in Ducks zone.
4:30 of 3rd period - Bobby Ryan is hit by Sean Bergenheim and loses puck.
4:54 of 3rd period - Minor Penalty to Michael Del Zotto for Holding.
4:55 of 3rd period - Jonathan Toews wins face-off versus Craig Adams in Kings zone.
5:22 of 3rd period - Shot by Jonathan Toews.
5:22 of 3rd period - Stopped by Nikolai Khabibulin without a rebound.
5:23 of 3rd period - Ethan Moreau wins face-off versus Andy McDonald in Kings zone.
6:02 of 3rd period - Craig Adams is hit by David Clarkson and loses puck.
6:21 of 3rd period - Shot by Jonathan Toews.
6:21 of 3rd period - Stopped by Nikolai Khabibulin with a rebound.
6:35 of 3rd period - Shot by Jonathan Toews.
6:35 of 3rd period - Stopped by Nikolai Khabibulin without a rebound.
6:36 of 3rd period - Andy McDonald wins face-off versus Sean Bergenheim in Kings zone.
6:37 of 3rd period - Shot by Rob Scuderi.
6:37 of 3rd period - Deflect By David Clarkson.
6:37 of 3rd period - Stopped by Nikolai Khabibulin with a rebound.
8:07 of 3rd period - Off-side.
8:08 of 3rd period - Andy McDonald wins face-off versus Craig Conroy in neutral zone.
8:16 of 3rd period - Icing by Daniel Winnik.
8:17 of 3rd period - Andy McDonald wins face-off versus Craig Conroy in Kings zone.
8:17 of 3rd period - Nick Schultz is hit by Bryan Allen and loses puck.
8:23 of 3rd period - Andy McDonald is hit by Bryan Allen and loses puck.
8:27 of 3rd period - Minor Penalty to Bryan Allen for Hooking.
8:28 of 3rd period - Jonathan Toews wins face-off versus Daniel Winnik in Kings zone.
10:04 of 3rd period - Off-side.
10:05 of 3rd period - Richard Park wins face-off versus Ethan Moreau in neutral zone.
10:19 of 3rd period - Shot by Nick Schultz.
10:19 of 3rd period - Stopped by Nikolai Khabibulin without a rebound.
10:20 of 3rd period - Jonathan Toews wins face-off versus Craig Adams in Kings zone.
10:21 of 3rd period - Shot by Bobby Ryan.
10:21 of 3rd period - Shot Misses the Net.
10:23 of 3rd period - Shot by Marc-Edouard Vlasic.
10:23 of 3rd period - Shot Misses the Net.
10:27 of 3rd period - Shot by Bobby Ryan.
10:27 of 3rd period - Shot Blocked by Mike Lundin.
10:51 of 3rd period - Shot by Mike Lundin.
10:51 of 3rd period - Stopped by Jose Theodore without a rebound.
10:52 of 3rd period - Dominic Moore wins face-off versus Sean Bergenheim in Ducks zone.
11:06 of 3rd period - Shot by Dominic Moore.
11:06 of 3rd period - Deflect By Jakub Voracek.
11:06 of 3rd period - Stopped by Nikolai Khabibulin without a rebound.
11:07 of 3rd period - Daniel Winnik wins face-off versus Andy McDonald in Kings zone.
11:11 of 3rd period - Kent Huskins is hit by Nick Schultz and loses puck.
11:20 of 3rd period - Shot by Daniel Winnik.
11:20 of 3rd period - Shot Blocked by Henrik Tallinder.
11:53 of 3rd period - Icing by Mike Lundin.
11:54 of 3rd period - Aaron Gagnon wins face-off versus Dominic Moore in Kings zone.
12:05 of 3rd period - Shot by Mike Lundin.
12:05 of 3rd period - Stopped by Jose Theodore without a rebound.
12:06 of 3rd period - Bobby Ryan wins face-off versus Darroll Powe in Ducks zone.
12:06 of 3rd period - Bobby Ryan is hit by Sean Bergenheim.
12:29 of 3rd period - Minor Penalty to Darroll Powe for Roughing.
12:30 of 3rd period - Jonathan Toews wins face-off versus Craig Adams in Kings zone.
13:43 of 3rd period - Shot by David Clarkson.
13:43 of 3rd period - Shot Blocked by Craig Adams.
13:45 of 3rd period - Shot by David Perron.
13:45 of 3rd period - Shot Blocked by Bryan Allen.
13:47 of 3rd period - Shot by Nick Schultz.
13:47 of 3rd period - Shot Blocked by Kent Huskins.
13:51 of 3rd period - Shot by David Perron.
13:51 of 3rd period - Stopped by Nikolai Khabibulin without a rebound.
13:52 of 3rd period - Andy McDonald wins face-off versus Sean Bergenheim in Kings zone.
14:09 of 3rd period - Shot by Tom Poti.
14:09 of 3rd period - Shot Blocked by Daniel Winnik.
14:11 of 3rd period - Shot by Nick Schultz.
14:11 of 3rd period - Stopped by Nikolai Khabibulin without a rebound.
14:12 of 3rd period - Craig Adams wins face-off versus Andy McDonald in Kings zone.
14:45 of 3rd period - Shot by Jakub Voracek.
14:45 of 3rd period - Shot Misses the Net.
14:46 of 3rd period - Minor Penalty to Michael Del Zotto for Hooking.
14:47 of 3rd period - Andy McDonald wins face-off versus Sean Bergenheim in Kings zone.
16:56 of 3rd period - Shot by Bobby Ryan.
16:56 of 3rd period - Stopped by Nikolai Khabibulin without a rebound.
16:57 of 3rd period - Andy McDonald wins face-off versus Craig Conroy in Kings zone.
17:20 of 3rd period - Shot by Andy McDonald.
17:20 of 3rd period - Shot Misses the Net.
17:23 of 3rd period - Icing by Craig Conroy.
17:24 of 3rd period - Craig Conroy wins face-off versus Bryan Little in Kings zone.
17:42 of 3rd period - Minor Penalty to Daniel Winnik for Tripping.
17:43 of 3rd period - David Perron wins face-off versus Sean Bergenheim in Kings zone.
17:49 of 3rd period - Dustin Byfuglien is hit by Martin Skoula and loses puck.
17:52 of 3rd period - Shot by Dustin Byfuglien.
17:52 of 3rd period - Goal by Dustin Byfuglien - Ducks : 4 - Kings : 2.
17:53 of 3rd period - Andy McDonald wins face-off versus Darroll Powe in neutral zone.
17:56 of 3rd period - Shot by Richard Park.
17:56 of 3rd period - Shot Hit the Post.
18:06 of 3rd period - Shot by Darroll Powe.
18:06 of 3rd period - Stopped by Jose Theodore without a rebound.
18:07 of 3rd period - Darroll Powe wins face-off versus Bobby Ryan in Ducks zone.
18:12 of 3rd period - Shot by Michael Frolik.
18:12 of 3rd period - Deflect By Darroll Powe.
18:12 of 3rd period - Shot Misses the Net.
18:14 of 3rd period - Shot by Jamie McBain.
18:14 of 3rd period - Stopped by Jose Theodore without a rebound.
18:15 of 3rd period - Aaron Gagnon wins face-off versus Jonathan Toews in Ducks zone.
18:26 of 3rd period - Shot by Evgeny Artyukhin.
18:26 of 3rd period - Deflect By Craig Adams.
18:26 of 3rd period - Stopped by Jose Theodore with a rebound.
18:34 of 3rd period - Shot by Jonathan Toews.
18:34 of 3rd period - Shot Misses the Net.
18:43 of 3rd period - Bobby Ryan is hit by Michael Del Zotto and loses puck.
18:51 of 3rd period - Minor Penalty to David Perron for Holding.
18:52 of 3rd period - Darroll Powe wins face-off versus Logan Couture in Ducks zone.
18:57 of 3rd period - Shot by Martin Skoula.
18:57 of 3rd period - Stopped by Jose Theodore with a rebound.
19:14 of 3rd period - Shot by Michael Frolik.
19:14 of 3rd period - Stopped by Jose Theodore with a rebound.
19:16 of 3rd period - Shot by Michael Frolik.
19:16 of 3rd period - Shot Blocked by Nick Schultz.
19:18 of 3rd period - Shot by Martin Skoula.
19:18 of 3rd period - Shot Blocked by Henrik Tallinder.
19:20 of 3rd period - Shot by Darroll Powe.
19:20 of 3rd period - Shot Misses the Net.
19:22 of 3rd period - Shot by Martin Skoula.
19:22 of 3rd period - Shot Misses the Net.
19:24 of 3rd period - Shot by Jamie McBain.
19:24 of 3rd period - Stopped by Jose Theodore without a rebound.
19:25 of 3rd period - Dominic Moore wins face-off versus Craig Conroy in Ducks zone.
19:43 of 3rd period - Off-side.
19:44 of 3rd period - Craig Conroy wins face-off versus Logan Couture in neutral zone.
19:51 of 3rd period - Shot by Daniel Winnik.
19:51 of 3rd period - Shot Misses the Net.
19:53 of 3rd period - Shot by Daniel Winnik.
19:53 of 3rd period - Stopped by Jose Theodore with a rebound.
19:55 of 3rd period - Shot by Daniel Winnik.
19:55 of 3rd period - Shot Blocked by Logan Couture.
19:57 of 3rd period - Shot by Bryan Allen.
19:57 of 3rd period - Stopped by Jose Theodore without a rebound.
19:58 of 3rd period - Dominic Moore wins face-off versus Darroll Powe in Ducks zone.


Output by the SimonT Hockey Simulator (STHS) for Stephane Roy -- Original Page W3C XHTML 1.0 Valid